 Dungeon Crawl Stone Soup version 0.29-a0-359-g541a27f54d (webtiles) character file.

Game seed: 12531467548444325448

501 zeratav the Archer (level 6, -2/34 HPs)
             Began as a Deep Elf Hunter on Apr 27, 2022.
             Killed by nerve-wracking pain
             ... invoked by an orc priest
              (14 damage)
             ... on level 5 of the Dungeon.
             The game lasted 00:07:22 (4202 turns).

zeratav the Archer (Deep Elf Hunter)                Turns: 4202, Time: 00:07:22

Health: -2/34      AC:  5    Str: 14    XL:     6   Next: 95%
Magic:  8/8        EV: 12    Int: 14    God:
Gold:   246        SH:  0    Dex: 20    Spells: 5/5 levels left

rFire   . . .      SeeInvis .   a - +1 shortbow {bow}
rCold   . . .      Faith    .   (shield currently unavailable)
rNeg    . . .      Spirit   .   b - +0 leather armour
rPois   .          Reflect  .   q - +1 helmet
rElec   .          Harm     .   (no cloak)
rCorr   .          Rampage  .   (no gloves)
Will    .....                   (no boots)
Stlth   ++........              (no amulet)
HPRegen 0.11/turn               e - +4 ring of slaying
MPRegen 0.11/turn               D - +6 ring of strength

@: no status effects
A: no striking features
a: no special abilities


You were on level 5 of the Dungeon.
You visited 1 branch of the dungeon, and saw 5 of its levels.

You collected 246 gold pieces.


   Skills:
 - Level 1.5 Fighting
 + Level 10.9 Bows
 - Level 2.4 Dodging
 - Level 1.2 Stealth


You had 5 spell levels left.
You didn't know any spells.
Your spell library contained the following spells:

 Spells                   Type           Power      Damage    Failure   Level
 Animate Skeleton         Necr           0%         N/A       36%         1
 Apportation              Tloc           0%         N/A       36%         1
 Shock                    Conj/Air       0%         1d3       36%         1
 Summon Small Mammal      Summ           0%         N/A       36%         1
 Mephitic Cloud           Conj/Pois/Air  0%         N/A       73%         3
 Stone Arrow              Conj/Erth      0%         3d7       73%         3
 Animate Armour           Summ/Erth      0%         N/A       98%         4
 Starburst                Conj/Fire      0%         6d3       100%        6
 Lehudib's Crystal Spear  Conj/Erth      0%         10d2      100%        8

Inventory:

Hand Weapons
 a - a +1 shortbow (weapon) {bow}
 p - a -2 dagger of protection {short}
   (You found it on level 3 of the Dungeon)
 t - a +2 vorpal spear {polearm}
   (You took it off a gnoll on level 4 of the Dungeon)
Armour
 b - a +0 leather armour (worn)
 q - a +1 helmet (worn)
   (You found it on level 3 of the Dungeon)
Jewellery
 e - a +4 ring of slaying (left hand)
   (You found it on level 1 of the Dungeon)
 A - a ring of fire
   (You found it on level 4 of the Dungeon)
 D - a +6 ring of strength (right hand)
   (You found it on level 4 of the Dungeon)
Wands
 y - a wand of digging (6)
   (You found it on level 4 of the Dungeon)
 L - a wand of mindburst (10)
   (You found it on level 5 of the Dungeon)
Scrolls
 c - 2 scrolls of immolation {!r!r}
 d - a scroll of noise {!r}
 g - a scroll of teleportation {@r4}
 h - a scroll of enchant weapon
 r - a scroll of vulnerability {!r!r}
 J - a scroll of identify {@r1}
Potions
 f - a potion of might {unknown}
 i - 2 potions of curing {unknown}
 j - 2 potions of heal wounds {@q2}
 k - a potion of flight {unknown}
 m - a potion of berserk rage {unknown}
 n - a potion of mutation {unknown}
 o - a potion of resistance {unknown}
 z - 2 potions of ambrosia {unknown}
 E - a potion of haste {unknown}
 G - a potion of degeneration {unknown}
 K - a potion of magic {unknown}

Dungeon Overview and Level Annotations

Branches:
Dungeon (5/15)
 Temple: D:4-7

Altars:
Fedhas

Shops:
D:4 (

Annotations:
D:3 1 runed translucent door, Crazy Yiuf

...#
#.......##.....#
...#
#.......##.....#
...#
#.......##.....#
...#
#........#.....#
...#
#......#.#.....#
...#
###.......[....#
...# #............#
...#
#............#######
#.......@###........
####.##..# #.#######
#. #oo# #.# #. )o>#
#+# #.#o### #) #. #.


You could see an orc warrior, an orc priest and 2 orcs.


Message History

No target in view!
No target in view!
No target in view!
You now have 225 gold pieces (gained 20).
K - a red potion
L - a wand of mindburst (10)
You now have 231 gold pieces (gained 6).
You now have 246 gold pieces (gained 15).
An orc warrior comes into view. It is wielding a +0 trident.
An orc warrior is nearby!
You drop a +0 chain mail.
You drop a +0 robe.
You drop a +0 plate armour.
You drop a +0 ring mail.
You drop a +0 leather armour. x2
You drop a +0 robe. x2
You drop a +0 ring mail.
You drop a +0 leather armour.
You drop a +0 scale mail.
The orc warrior shouts!
Shoot: a) +1 shortbow {bow}
Press: ? - help, Q - select action, (/) - cycle Shift-Dir - straight line, f - orc warrior
Aim: an orc warrior, wielding a +0 trident and wearing a +0 plate armour (71% to hit)
You shoot an arrow. The arrow hits the orc warrior!
Shoot: a) +1 shortbow {bow}
Press: ? - help, Q - select action, (/) - cycle Shift-Dir - straight line, f/p - orc warrior
Aim: an orc warrior, wielding a +0 trident and wearing a +0 plate armour (moderately wounded, 71% to hit)
You shoot an arrow.
The arrow barely misses the orc warrior.
Shoot: a) +1 shortbow {bow}
Press: ? - help, Q - select action, (/) - cycle Shift-Dir - straight line, f/p - orc warrior
Aim: an orc warrior, wielding a +0 trident and wearing a +0 plate armour (moderately wounded, 71% to hit)
You shoot an arrow. The arrow hits the orc warrior.
Shoot: a) +1 shortbow {bow}
Press: ? - help, Q - select action, (/) - cycle Shift-Dir - straight line, f/p - orc warrior
Aim: an orc warrior, wielding a +0 trident and wearing a +0 plate armour (moderately wounded, 71% to hit)
You shoot an arrow. The arrow hits the orc warrior.
Shoot: a) +1 shortbow {bow}
Press: ? - help, Q - select action, (/) - cycle Shift-Dir - straight line, f/p - orc warrior
Aim: an orc warrior, wielding a +0 trident and wearing a +0 plate armour (heavily wounded, 71% to hit)
You shoot an arrow. The arrow hits the orc warrior.
An orc priest comes into view. It is wielding a +0 whip.
The orc warrior hits you from afar with a +0 trident.
HP[-3]
You take 3 damage, and now have 31/34 hp.
Shoot: a) +1 shortbow {bow}
Press: ? - help, Q - select action, (/) - cycle Shift-Dir - straight line, f/p - orc warrior
Aim: an orc warrior, wielding a +0 trident and wearing a +0 plate armour (severely wounded, 71% to hit)
You shoot an arrow.
The arrow closely misses the orc warrior.
The orc warrior hits you from afar with a +0 trident!
Ouch! That really hurt!
* * * LOW HITPOINT WARNING * * *
HP[-17]
You take 17 damage, and now have 14/34 hp.
MASSIVE DAMAGE!! (PAUSE) Shoot: a) +1 shortbow {bow}
Press: ? - help, Q - select action, (/) - cycle Shift-Dir - straight line, f/p - orc warrior
Aim: an orc warrior, wielding a +0 trident and wearing a +0 plate armour (severely wounded, 71% to hit)
You shoot an arrow. The arrow hits the orc warrior!
An orc comes into view. It is wielding a +0 trident.
The orc warrior hits you from afar with a +0 trident!
* * * LOW HITPOINT WARNING * * *
HP[-8]
You take 8 damage, and now have 6/34 hp.
MASSIVE DAMAGE!! (PAUSE) Shoot: a) +1 shortbow {bow}
Press: ? - help, Q - select action, (/) - cycle Shift-Dir - straight line, f/p - orc warrior
Aim: an orc warrior, wielding a +0 trident and wearing a +0 plate armour (almost dead, 71% to hit)
You shoot an arrow.
The arrow barely misses the orc warrior.
The orc shouts!
An orc comes into view. It is wielding a +0 whip.
The orc warrior hits you from afar with a +0 trident.
* * * LOW HITPOINT WARNING * * *
HP[-4]
You take 4 damage, and now have 2/34 hp.
You feel much better.
The orc shouts!
The orc warrior hits you from afar with a +0 trident!
* * * LOW HITPOINT WARNING * * *
HP[+11]
You regained 11 hp, and now have 13/34 hp.
Shoot: a) +1 shortbow {bow}
Press: ? - help, Q - select action, (/) - cycle Shift-Dir - straight line, f/p - orc warrior
Aim: an orc warrior, wielding a +0 trident and wearing a +0 plate armour (almost dead, 71% to hit)
You shoot an arrow.
The arrow closely misses the orc warrior.
The orc warrior hits you from afar with a +0 trident.
* * * LOW HITPOINT WARNING * * *
HP[-1]
You take 1 damage, and now have 12/34 hp.
Shoot: a) +1 shortbow {bow}
Press: ? - help, Q - select action, (/) - cycle Shift-Dir - straight line, f/p - orc warrior
Aim: an orc warrior, wielding a +0 trident and wearing a +0 plate armour (almost dead, 71% to hit)
You shoot an arrow.
The arrow barely misses the orc warrior.
The orc priest mumbles some strange prayers to Beogh against you.
Pain shoots through your body!
You die...

Skill      XL: |  1  2  3  4  5  6 |
---------------+-------------------+-----
Bows           | 6 7 8 9 10 | 10.9
Fighting       | |  1.5
Dodging        | |  2.4
Stealth        | |  1.2

Action                   |  1- 3 |  4- 6 || total
-------------------------+-------+-------++-------
 Fire: Shortbow          |    83 |   110 ||   193
  Use: Scroll            |       |     9 ||     9
       Potion            |       |     1 ||     1
Armor: Leather armour    |     1 |     1 ||     2
Dodge: Dodged            |     5 |    11 ||    16

Levels and vault maps discovered:
D:1:      psy_arrival_whirlpool, layout_loops_ring, minmay_strange_pillars
D:2:      layout_basic, interstate_on_off, kennysheep_minor_cross,
          amcnicky_mini_corridor_feature, serial_bayou_pond_c
D:3:      layout_basic, fedhas_ov_isle_minmay, ebering_ecumenical_altar_rust,
          uniq_crazy_yiuf_cottage
D:4:      layout_basic, serial_shops, nicolae_shop_bloodbath_and_beyond
D:5:      layout_basic

Notes
Turn   | Place    | Note
-------+----------+-------------------------------------------
     0 | D:1      | zeratav the Deep Elf Hunter began the quest for the Orb.
     0 | D:1      | Reached XP level 1. HP: 12/12 MP: 3/3
     0 | D:1      | magus.rc [v1.9.6]
    52 | D:1      | Reached XP level 2. HP: 16/16 MP: 4/4
    73 | D:1      | Reached skill level 6 in Bows
   268 | D:1      | You pick up a book of Cantrips and begin reading...
   268 | D:1      | You add the spells Animate Skeleton, Summon Small Mammal
                  | and Apportation to your library.
   715 | D:2      | Reached XP level 3. HP: 20/20 MP: 5/5
   812 | D:2      | You add the spells Shock, Mephitic Cloud and Starburst to
                  | your library.
   812 | D:2      | Got the Catalogue of Confrontation
   952 | D:2      | Reached skill level 7 in Bows
  1671 | D:3      | Found a blossoming altar of Fedhas.
  1727 | D:3      | Found a faded altar of an unknown god.
  1993 | D:3      | Reached XP level 4. HP: 25/25 MP: 6/6
  2262 | D:3      | Reached skill level 8 in Bows
  2281 | D:3      | Found a runed translucent door.
  2282 | D:3      | Noticed Crazy Yiuf
  2682 | D:3      | Reached XP level 5. HP: 22/29 MP: 7/7
  2923 | D:4      | Reached skill level 9 in Bows
  3064 | D:4      | Found Ina Cou's Weapon Boutique.
  3114 | D:4      | Reached XP level 6. HP: 34/34 MP: 8/8
  3231 | D:4      | Reached skill level 10 in Bows
  3645 | D:5      | Entered Level 5 of the Dungeon
  3733 | D:5      | Noticed an orc warrior
  3753 | D:4      | HP: 7/34 [orc warrior/+0 long sword (6)]
  3754 | D:4      | Killed an orc warrior
  4060 | D:5      | You pick up a book of Armaments and begin reading...
  4060 | D:5      | You add the spells Stone Arrow, Animate Armour and
                  | Lehudib's Crystal Spear to your library.
  4174 | D:5      | Noticed an orc warrior
  4198 | D:5      | HP: 6/34 [orc warrior/+0 trident (8)]
  4199 | D:5      | HP: 2/34 [orc warrior/+0 trident (4)]
  4202 | D:5      | Killed from afar by an orc priest

Vanquished Creatures
  An orc warrior (D:4)
  A jelly (D:4)
  A gnoll shaman (D:4)
  A hound (D:3)
  An orc priest (D:5)
  An iguana (D:4)
  An orc wizard (D:5)
  10 gnolls
  3 adders
  2 worms
  2 dart slugs
  10 orcs
  7 bats
  9 endoplasms
  4 giant cockroaches
  2 goblins
  6 hobgoblins
  4 jackals (D:2)
  8 kobolds
  6 quokkas
  5 ball pythons
  4 frilled lizards
  5 rats
94 creatures vanquished.

Vanquished Creatures (others)
  5 plants (D:2)
5 creatures vanquished.

Grand Total: 99 creatures vanquished

Table legend:
 A = Non-vault XP
 B = Vault XP
 C = Vault XP percentage of total XP
 D = Non-vault monster count
 E = Vault monster count
 F = Vault count percentage of total count
                 A         B        C        D         E       F
            +---------+---------+-------+---------+---------+-------
      Total |     716 |       0 |   0.0 |      94 |       0 |   0.0
            +---------+---------+-------+---------+---------+-------
        D:1 |      40 |       0 |   0.0 |      21 |       0 |   0.0
        D:2 |      36 |       0 |   0.0 |      23 |       0 |   0.0
        D:3 |     141 |       0 |   0.0 |      19 |       0 |   0.0
        D:4 |     390 |       0 |   0.0 |      22 |       0 |   0.0
        D:5 |     109 |       0 |   0.0 |       9 |       0 |   0.0
            +---------+---------+-------+---------+---------+-------

Illustrated notes

Table legend:
 A = Kills in this place as a percentage of kills in entire the game.
 B = Kills by you in this place as a percentage of kills by you in the entire game.
 C = Kills by friends in this place as a percentage of kills by friends in the entire game.
 D = Other kills in this place as a percentage of other kills in the entire game.
 E = Experience gained in this place as a percentage of experience gained in the entire game.
 F = Experience gained in this place divided by the number of levels of this place that you have seen.
                   A       B       C       D       E      F
               +-------+-------+-------+-------+-------+----------------------
         Total | 100.0 | 100.0 |   N/A |   N/A | 100.0 | 143.2
       Dungeon | 100.0 | 100.0 |   N/A |   N/A | 100.0 | 143.2
               +-------+-------+-------+-------+-------+----------------------

Table legend: (Time is in decaauts)
 A = Elapsed time spent in this place.
 B = Non-inter-level travel time spent in this place.
 C = Inter-level travel time spent in this place.
 D = Time resting spent in this place.
 E = Time spent auto-exploring this place.
 F = Levels seen in this place.
 G = Mean time per level.
                   A        B        C        D        E       F      G
               +--------+--------+--------+--------+--------+-----+--------+
         Total |   4233 |   4149 |     84 |    414 |   3290 |   5 |  846.6 |
       Dungeon |   4233 |   4149 |     84 |    414 |   3290 |   5 |  846.6 |
               +--------+--------+--------+--------+--------+-----+--------+

Top non-repeatable levels by time:
     D:3: 1278 daAuts
     D:4: 1081 daAuts
     D:2: 917 daAuts
     D:1: 657 daAuts
     D:5: 298 daAuts
